 Dungeon Crawl Stone Soup version 0.30.0-29-ga12c61a403 (webtiles) character file.

Game seed: 2063636495262490597

1844 Beardpackko the Basher (level 8, -3/64 HPs)
             Began as a Minotaur Berserker on June 11, 2023.
             Was a Priest of Trog.
             Killed from afar by Maggie (25 damage)
             ... with a bolt of fire
             ... on level 6 of the Dungeon.
             The game lasted 00:09:24 (5080 turns).

Beardpackko the Basher (Minotaur Berserker)         Turns: 5080, Time: 00:09:25

Health: -3/64      AC: 15    Str: 24    XL:     8   Next: 88%
Magic:  7/7        EV:  7    Int:  4    God:    Trog [***...]
Gold:   226        SH:  0    Dex: 10    Spells: 7/7 levels left

rFire   . . .        A - +0 dire flail
rCold   . . .        (shield currently unavailable)
rNeg    . . .        h - +0 plate armour
rPois   .            (helmet restricted)
rElec   .            (no cloak)
rCorr   .            p - +1 pair of gloves
SInv    .            (no boots)
Will    ++...        (no amulet) Stlth
                     (no ring)
HPRegen 1.30/turn    (no ring)
MPRegen 0.10/turn

%: no passive effects
@: strong-willed, mesmerised, regenerating
A: horns 2, retaliatory headbutt
a: Renounce Religion, Berserk, Trog's Hand


You were on level 6 of the Dungeon.
You worshipped Trog.
Trog was most pleased with you.
You visited 1 branch of the dungeon, and saw 6 of its levels.

You collected 226 gold pieces.

Inventory:

Hand Weapons
 a - a +0 mace
 u - a +0 flail
 x - a +2 vampiric short sword
 A - a +0 dire flail (weapon)
Armour
 b - a +0 animal skin
 h - a +0 plate armour (worn)
 p - a +1 pair of gloves (worn)
Wands
 o - a wand of quicksilver (1)
 v - a wand of polymorph (11)
 w - a wand of flame (9)
 z - a wand of mindburst (11)
Scrolls
 c - a scroll of noise {unknown}
 f - 5 scrolls of identify {unknown}
 i - a scroll of fear {unknown}
 n - a scroll of silence {unknown}
 q - 2 scrolls of blinking {unknown}
 r - 3 scrolls of teleportation {unknown}
 t - 2 scrolls of enchant weapon {unknown}
 y - a scroll of vulnerability {unknown}
Potions
 d - 2 potions of attraction {unknown}
 e - 2 potions of curing
 g - 3 potions of heal wounds {unknown}
 j - 2 potions of might {unknown}
 k - a potion of berserk rage {unknown}
 l - 2 potions of mutation {unknown}
 m - a potion of degeneration {unknown}
 s - 3 potions of flight {unknown}


   Skills:
 - Level 3.6 Fighting
 * Level 12.4 Maces & Flails
 + Level 7.2 Armour
 - Level 2.1 Dodging


You had 7 spell levels left.
You didn't know any spells.
Your spell library was empty.

Dungeon Overview and Level Annotations

Branches:
Dungeon (6/15)             Temple (0/1) D:5

Altars:
Ashenzari
Ru
Uskayaw
Xom

Annotations:
D:6 Maggie


Innate Abilities, Weirdness & Mutations

You have a pair of horns on your head.
You reflexively headbutt those who attack you in melee.


Message History

Maggie points at you and mumbles some strange words.
The bolt of fire hits you!
You cannot move away from Maggie!
You hit Menkaure but do no damage. You headbutt Menkaure.
You destroy Menkaure!
Trog accepts your kill.
Trog appreciates your killing of a magic user.
You barely miss Maggie.
Maggie is moderately wounded.
Maggie hits you with a +2 glaive of flaming.
Maggie burns you.
You closely miss Maggie. Your headbutt misses Maggie.
Maggie is moderately wounded.
Maggie hits you but does no damage.
You barely miss Maggie.
Maggie is moderately wounded.
Maggie casts a spell at you. The bolt of fire hits you!
* * * LOW HITPOINT WARNING * * *
You hit Maggie.
Maggie is moderately wounded.
You sock Maggie!
Maggie is heavily wounded.
Maggie gestures wildly while chanting.
Maggie draws you further into her thrall.
You fail to use your ability.
Maggie barely misses you. You furiously retaliate!
You headbutt Maggie.
You fail to use your ability.
Maggie gestures wildly while chanting.
Maggie draws you further into her thrall.
Your skin crawls.
You feel strong-willed.
You can no longer call in reinforcements.
Maggie hits you with a +2 glaive of flaming.
Maggie burns you.
You hit Maggie.
Maggie is severely wounded.
Maggie points at you and mumbles some strange words.
The bolt of fire hits you!!
You die...

#.##.#..#.....#
#.##.#######.## ## .. ...
#..........#.# .# P(. #..
#..#.#####.#.# .# .P.##.M
#..#.....#.#.# .# P...#..
#........#.#.# .# #......
#..#######.#.# .# #......
#..........#.# .#
#.....###@#.########.# .#
#....@.#.# #.# ## ####.....#
#.# ####### #.# #.# #.#
###########################.##
.........................<...#
##############################


You could see Maggie (mesmerising).

Vanquished Creatures
  Eustachio (D:6)
  A steam dragon (D:5)
  Menkaure (D:6)
  Duvessa (D:5)
  An ice beast (D:6)
  A black bear (D:6)
  An orc warrior (D:6)
  2 ogres
  Blork the orc (D:6)
  A gnoll sergeant (D:6)
  2 scorpions
  A wight (D:6)
  Dowan (D:5)
  A howler monkey (D:6)
  3 hounds
  A gnoll bouda (D:5)
  3 iguanas (D:6)
  3 orc wizards
  Robin (D:3)
  9 gnolls (D:5)
  3 adders
  2 shadow imps
  A white imp (D:6)
  2 ufetubi (D:5)
  3 worms
  2 dart slugs
  15 orcs
  4 endoplasms
  3 giant cockroaches
  7 hobgoblins
  3 quokkas
  11 ball pythons
  7 bats
  5 frilled lizards
  17 goblins
  4 kobolds
  7 rats
  A spectral hobgoblin (D:1)
133 creatures vanquished.

Notes
Turn   | Place    | Note
-------+----------+-------------------------------------------
     0 | D:1      | Beardpackko the Minotaur Berserker began the quest for the
                  | Orb.
     0 | D:1      | Reached XP level 1. HP: 19/19 MP: 0/0
    41 | D:1      | Reached skill level 4 in Maces & Flails
    85 | D:1      | Reached XP level 2. HP: 26/26 MP: 1/1
   316 | D:1      | Found a faded altar of an unknown god.
   472 | D:1      | Reached ** piety under Trog
   692 | D:1      | Reached skill level 5 in Maces & Flails
  1040 | D:2      | Reached XP level 3. HP: 24/31 MP: 2/2
  1433 | D:3      | Noticed an ogre
  1440 | D:3      | Killed an ogre
  1441 | D:3      | Reached skill level 6 in Maces & Flails
  1441 | D:3      | Reached XP level 4. HP: 21/39 MP: 3/3
  1442 | D:3      | Reached XP level 5. HP: 25/45 MP: 4/4
  1442 | D:3      | Noticed Robin
  1577 | D:3      | Killed Robin
  1684 | D:3      | Identified the +2 robe of Dishonesty {*Corrode rN+++ Str-2
                  | Int+8}
  1780 | D:3      | Reached skill level 7 in Maces & Flails
  1830 | D:3      | Reached *** piety under Trog
  2217 | D:4      | Found a broken altar of Ashenzari.
  2218 | D:4      | Found a sacrificial altar of Ru.
  2218 | D:4      | Found a shimmering altar of Xom.
  2340 | D:4      | Reached XP level 6. HP: 41/51 MP: 5/5
  2703 | D:5      | Entered Level 5 of the Dungeon
  2778 | D:5      | Reached skill level 8 in Maces & Flails
  2955 | D:5      | Noticed Duvessa
  2955 | D:5      | Noticed Dowan
  2967 | D:5      | Killed Duvessa
  2971 | D:5      | Killed Dowan
  2972 | D:5      | Reached XP level 7. HP: 57/57 MP: 6/6
  3028 | D:5      | Reached skill level 9 in Maces & Flails
  3128 | D:5      | Found a staircase to the Ecumenical Temple.
  3145 | D:5      | Reached **** piety under Trog
  3166 | D:5      | Reached skill level 5 in Armour
  3543 | D:5      | Noticed a steam dragon
  3552 | D:5      | Killed a steam dragon
  3553 | D:5      | Reached skill level 10 in Maces & Flails
  4063 | D:6      | Found a hide-covered altar of Uskayaw.
  4282 | D:6      | Reached XP level 8. HP: 64/64 MP: 7/7
  4500 | D:6      | Reached skill level 11 in Maces & Flails
  4585 | D:6      | Noticed Eustachio
  4607 | D:6      | Killed Eustachio
  4828 | D:6      | Noticed Blork the orc
  4853 | D:6      | Killed Blork the orc
  4956 | D:6      | Reached skill level 12 in Maces & Flails
  5054 | D:6      | Noticed Maggie
  5054 | D:6      | Noticed Menkaure
  5071 | D:6      | Killed Menkaure
  5080 | D:6      | Killed from afar by Maggie

Illustrated notes

Levels and vault maps discovered:
D:1:      ncdulo_halloftheorcs, layout_basic,
          dreamdust_ecumenical_altar_drowned_temple, chequers_arboretum
D:2:      layout_rooms, grunt_ministairs_5
D:3:      layout_rooms, minivault_23, uniq_robin
D:4:      layout_basic, grunt_temple_overflow_open
D:5:      layout_basic, minmay_temple_entry_grid, uniq_duvessa
D:6:      minmay_diamond_boxcup, layout_basic, mainiacjoe_overflow_brackets,
          kiku_gazebo_garden_becter, patterned_corridor, uniq_eustachio,
          uniq_blork_the_orc, uniq_maggie, uniq_menkaure

Skill      XL: |  1  2  3  4  5  6  7  8 |
---------------+-------------------------+-----
Maces & Flails | 4 5 6 7 8 10 12 | 12.4
Armour         | 3 4 5 7 |  7.2
Fighting       | |  3.6
Dodging        | |  2.1

Action                     |  1- 3 |  4- 6 |  7- 9 || total
---------------------------+-------+-------+-------++-------
  Melee: Mace              |    99 |    90 |       ||   189
         Headbutt          |    12 |    19 |    28 ||    59
         Punch             |       |     1 |       ||     1
         Flail             |       |    30 |    91 ||   121
         Unarmed           |       |     3 |       ||     3
         Dire flail        |       |       |    73 ||    73
 Invoke: Berserk           |     1 |     2 |     3 ||     6
         Trog's Hand       |       |       |     2 ||     2
 Armour: Animal skin       |    14 |       |       ||    14
         Plate armour      |    21 |    78 |   103 ||   202
  Dodge: Dodged            |    56 |    32 |    68 ||   156
